2800 views
Uploaded 2020-02-05 21:21:03
Game version 1.32 / 1.32.1
10:32 long 3on3 ladder game on (8)Battleground_LV
Saved by BEARAND
2800 views
Uploaded 2020-02-05 21:21:03
Game version 1.32 / 1.32.1
10:32 long 3on3 ladder game on (8)Battleground_LV


49 units @ 4k
/ 0.2k
90 buildings @ 6.9k
/ 3.5k

| Lesser Clarity Potion | 1 | 70 |
| Staff of Teleportation | 1 | 150 |
| Boots of Speed | 1 | 250 |
| Healing Salve | 1 | 100 |
| total: | 4 | 570g |
| Peasant | 18 | 1350 | / | 0 |
| total: | 18 | 1350g | / | 0w |
| Scout Tower | 28 | 840 | / | 560 |
| Arcane Tower | 2 | 140 | / | 100 |
| Guard Tower | 17 | 1190 | / | 850 |
| Altar of Kings | 1 | 180 | / | 50 |
| Farm | 4 | 320 | / | 80 |
| Lumber Mill | 1 | 120 | / | 0 |
| Town Hall | 1 | 385 | / | 205 |
| Arcane Sanctum | 1 | 150 | / | 140 |
| Keep | 1 | 320 | / | 210 |
| Castle | 1 | 360 | / | 210 |
| total: | 36 | 1995g | / | 1035w |
| 0:02 | Peasant |
| 0:02 | Peasant |
| 0:07 | Altar of Kings |
| 0:14 | Peasant |
| 0:18 | Farm |
| 0:25 | Peasant |
| 0:34 | Peasant |
| 0:43 | Farm |
| 0:46 | Peasant |
| 0:52 | Lumber Mill |
| 0:58 | Peasant |
| 1:03 | Scout Tower |
| 1:12 | Peasant |
| 1:24 | Peasant |
| 1:29 | Farm |
| 1:36 | Peasant |
| 1:38 | Arcane Tower |
| 1:54 | Scout Tower |
| 1:57 | Peasant |
| 2:00 | Scout Tower |
| 2:06 | Blizzard |
| 2:26 | Guard Tower |
| 2:32 | Scout Tower |
| 2:35 | Scout Tower |
| 2:37 | Peasant |
| 3:00 | Guard Tower |
| 3:08 | Guard Tower |
| 3:13 | Scout Tower |
| 3:15 | Scout Tower |
| 3:17 | Scout Tower |
| 3:19 | Scout Tower |
| 3:21 | Peasant |
| 3:21 | Peasant |
| 3:21 | Peasant |
| 3:24 | Scout Tower |
| 3:29 | Guard Tower |
| 3:45 | Peasant |
| 3:52 | Guard Tower |
| 3:56 | Guard Tower |
| 4:10 | Peasant |
| 4:11 | Peasant |
| 4:29 | Scout Tower |
| 4:30 | Scout Tower |
| 4:49 | Staff of Teleportation |
| 4:55 | Boots of Speed |
| 5:18 | Brilliance Aura |
| 5:53 | Town Hall |
| 6:01 | Scout Tower |
| 6:02 | Scout Tower |
| 6:02 | Scout Tower |
| 6:03 | Scout Tower |
| 6:04 | Scout Tower |
| 6:05 | Scout Tower |
| 6:05 | Scout Tower |
| 6:06 | Scout Tower |
| 6:06 | Scout Tower |
| 6:07 | Scout Tower |
| 6:32 | Scout Tower |
| 6:33 | Scout Tower |
| 6:34 | Scout Tower |
| 7:06 | Keep |
| 7:10 | Guard Tower |
| 7:12 | Arcane Tower |
| 7:15 | Scout Tower |
| 7:19 | Guard Tower |
| 7:20 | Guard Tower |
| 7:23 | Guard Tower |
| 7:27 | Guard Tower |
| 7:30 | Guard Tower |
| 7:34 | Guard Tower |
| 7:41 | Guard Tower |
| 7:44 | Guard Tower |
| 7:51 | Lesser Clarity Potion |
| 7:52 | Healing Salve |
| 8:03 | Improved Masonry |
| 8:04 | Farm |
| 8:32 | Guard Tower |
| 8:36 | Scout Tower |
| 8:36 | Scout Tower |
| 9:33 | Castle |
| 9:36 | Advanced Masonry |
| 9:36 | Improved Lumber Harvesting |
| 9:42 | Guard Tower |
| 10:05 | Blizzard |
| 10:12 | Arcane Sanctum |
| Right click | 379 |
| Select group | 145 |
| Select | 92 |
| Build/train/purchase | 59 |
| Use ability | 23 |
| Misc. action | 17 |
| Assign group | 12 |
| Item give/drop | 1 |


| Healing Salve | 1 | 100 |
| Orb of Lightning | 1 | 375 |
| Boots of Speed | 1 | 250 |
| Staff of Teleportation | 1 | 150 |
| total: | 4 | 875g |
| Peon | 13 | 975 | / | 0 |
| Troll Batrider | 4 | 640 | / | 160 |
| total: | 17 | 1615g | / | 160w |
| Watch Tower | 12 | 1320 | / | 960 |
| Altar of Storms | 1 | 180 | / | 50 |
| Orc Burrow | 3 | 480 | / | 120 |
| War Mill | 1 | 205 | / | 0 |
| Voodoo Lounge | 3 | 390 | / | 90 |
| Beastiary | 2 | 290 | / | 280 |
| Stronghold | 1 | 315 | / | 190 |
| Fortress | 1 | 325 | / | 190 |
| total: | 22 | 2865g | / | 1500w |
| 0:02 | Peon |
| 0:02 | Peon |
| 0:05 | Altar of Storms |
| 0:18 | Orc Burrow |
| 0:20 | Peon |
| 0:40 | Peon |
| 0:49 | War Mill |
| 0:58 | Peon |
| 1:06 | Voodoo Lounge |
| 1:14 | Peon |
| 1:22 | Peon |
| 1:35 | Peon |
| 1:45 | Orc Burrow |
| 1:49 | Peon |
| 2:00 | Watch Tower |
| 2:09 | Wind Walk |
| 2:16 | Healing Salve |
| 2:25 | Watch Tower |
| 2:28 | Peon |
| 2:39 | Peon |
| 2:51 | Peon |
| 2:58 | Watch Tower |
| 3:17 | Watch Tower |
| 3:23 | Peon |
| 3:48 | Stronghold |
| 4:25 | Watch Tower |
| 4:31 | Watch Tower |
| 4:45 | Voodoo Lounge |
| 4:50 | Voodoo Lounge |
| 5:11 | Orc Burrow |
| 5:28 | Watch Tower |
| 5:46 | Watch Tower |
| 5:57 | Boots of Speed |
| 6:24 | Critical Strike |
| 6:46 | Wind Walk |
| 6:49 | Watch Tower |
| 6:52 | Staff of Teleportation |
| 6:57 | Beastiary |
| 7:01 | Beastiary |
| 7:02 | Fortress |
| 7:55 | Watch Tower |
| 8:02 | Reinforced Defenses |
| 9:01 | Troll Batrider |
| 9:10 | Hex |
| 9:32 | Watch Tower |
| 9:42 | Liquid Fire |
| 9:44 | Troll Batrider |
| 9:48 | Watch Tower |
| 9:59 | Orb of Lightning |
| 10:08 | Steel Ranged Weapons |
| 10:15 | Troll Batrider |
| 10:30 | Troll Batrider |
| Right click | 734 |
| Select | 167 |
| Select group | 44 |
| Build/train/purchase | 41 |
| Use ability | 10 |
| Assign group | 8 |
| Misc. action | 6 |
| Item give/drop | 2 |
| Remove unit | 1 |
| Esc | 1 |


| Lesser Clarity Potion | 2 | 140 |
| Staff of Teleportation | 1 | 150 |
| Boots of Speed | 2 | 500 |
| Healing Salve | 2 | 200 |
| Orb of Lightning | 1 | 375 |
| total: | 8 | 1365g |
| Peasant | 14 | 1050 | / | 0 |
| total: | 14 | 1050g | / | 0w |
| Scout Tower | 22 | 660 | / | 440 |
| Arcane Tower | 1 | 70 | / | 50 |
| Guard Tower | 14 | 980 | / | 700 |
| Altar of Kings | 1 | 180 | / | 50 |
| Farm | 4 | 320 | / | 80 |
| Lumber Mill | 2 | 240 | / | 0 |
| Arcane Vault | 1 | 130 | / | 30 |
| Town Hall | 1 | 385 | / | 205 |
| Arcane Sanctum | 1 | 150 | / | 140 |
| Keep | 1 | 320 | / | 210 |
| total: | 32 | 2065g | / | 945w |
| 0:01 | Peasant |
| 0:01 | Peasant |
| 0:08 | Altar of Kings |
| 0:17 | Farm |
| 0:23 | Peasant |
| 0:34 | Peasant |
| 0:35 | Peasant |
| 0:41 | Farm |
| 0:46 | Scout Tower |
| 0:48 | Peasant |
| 1:00 | Peasant |
| 1:03 | Lumber Mill |
| 1:06 | Lumber Mill |
| 1:14 | Peasant |
| 1:19 | Scout Tower |
| 1:37 | Arcane Tower |
| 1:41 | Peasant |
| 1:44 | Scout Tower |
| 1:51 | Peasant |
| 2:06 | Blizzard |
| 2:32 | Peasant |
| 2:32 | Peasant |
| 2:33 | Peasant |
| 2:34 | Guard Tower |
| 2:34 | Guard Tower |
| 2:35 | Scout Tower |
| 2:36 | Scout Tower |
| 2:37 | Scout Tower |
| 3:03 | Guard Tower |
| 3:10 | Scout Tower |
| 3:20 | Brilliance Aura |
| 3:24 | Arcane Vault |
| 3:34 | Guard Tower |
| 3:39 | Peasant |
| 3:42 | Guard Tower |
| 3:43 | Scout Tower |
| 3:44 | Scout Tower |
| 3:55 | Keep |
| 4:47 | Guard Tower |
| 4:50 | Farm |
| 4:51 | Farm |
| 5:00 | Staff of Teleportation |
| 5:00 | Boots of Speed |
| 5:09 | Boots of Speed |
| 5:24 | Healing Salve |
| 7:00 | Scout Tower |
| 7:02 | Scout Tower |
| 7:03 | Scout Tower |
| 7:03 | Scout Tower |
| 7:04 | Scout Tower |
| 7:18 | Blizzard |
| 7:33 | Arcane Sanctum |
| 7:38 | Town Hall |
| 7:43 | Scout Tower |
| 7:43 | Scout Tower |
| 7:44 | Scout Tower |
| 7:44 | Scout Tower |
| 7:45 | Scout Tower |
| 7:45 | Scout Tower |
| 7:46 | Scout Tower |
| 7:46 | Scout Tower |
| 7:57 | Storm Bolt |
| 8:21 | Guard Tower |
| 9:24 | Healing Salve |
| 9:24 | Orb of Lightning |
| 9:26 | Lesser Clarity Potion |
| 9:26 | Lesser Clarity Potion |
| 9:44 | Guard Tower |
| 10:08 | Guard Tower |
| 10:11 | Guard Tower |
| Right click | 963 |
| Select | 253 |
| Select group | 102 |
| Build/train/purchase | 85 |
| Chat | 33 |
| Use ability | 28 |
| Misc. action | 19 |
| Assign group | 9 |
| Item give/drop | 1 |
| Minimap ping | 1 |
56 units @ 7.2k
/ 0.5k
24 buildings @ 3.8k
/ 0.9k

| Rod of Necromancy | 1 | 150 |
| Ritual Dagger | 1 | 125 |
| Boots of Speed | 1 | 250 |
| total: | 3 | 525g |
| Acolyte | 8 | 600 | / | 0 |
| Ghoul | 1 | 120 | / | 0 |
| Crypt Fiend | 9 | 1935 | / | 360 |
| total: | 18 | 2655g | / | 360w |
| Nerubian Tower | 1 | 100 | / | 20 |
| Graveyard | 1 | 215 | / | 0 |
| Crypt | 2 | 400 | / | 100 |
| Ziggurat | 5 | 750 | / | 250 |
| Altar of Darkness | 1 | 180 | / | 50 |
| Tomb of Relics | 1 | 130 | / | 30 |
| Halls of the Dead | 1 | 320 | / | 210 |
| total: | 10 | 1675g | / | 430w |
| 0:03 | Acolyte |
| 0:10 | Graveyard |
| 0:12 | Crypt |
| 0:13 | Crypt |
| 0:19 | Acolyte |
| 0:35 | Acolyte |
| 0:45 | Ziggurat |
| 0:57 | Altar of Darkness |
| 1:18 | Ghoul |
| 1:41 | Crypt Fiend |
| 1:47 | Ziggurat |
| 2:15 | Crypt Fiend |
| 2:48 | Crypt Fiend |
| 2:50 | Tomb of Relics |
| 2:53 | Pocket Factory |
| 3:08 | Crypt Fiend |
| 3:26 | Nerubian Tower |
| 3:29 | Acolyte |
| 3:40 | Acolyte |
| 3:59 | Acolyte |
| 4:07 | Acolyte |
| 4:37 | Crypt Fiend |
| 4:57 | Boots of Speed |
| 5:07 | Acolyte |
| 5:26 | Halls of the Dead |
| 5:30 | Ziggurat |
| 5:59 | Ziggurat |
| 6:25 | Crypt Fiend |
| 6:27 | Creature Attack |
| 6:54 | Crypt Fiend |
| 6:58 | Engineering Upgrade |
| 7:41 | Rod of Necromancy |
| 7:41 | Ritual Dagger |
| 8:19 | Crypt Fiend |
| 8:22 | Ziggurat |
| 9:37 | Crypt Fiend |
| Right click | 406 |
| Select | 181 |
| Misc. action | 100 |
| Build/train/purchase | 31 |
| Minimap ping | 8 |
| Chat | 7 |
| Use ability | 4 |
| Select group | 3 |
| Assign group | 2 |
| Remove unit | 1 |
| Esc | 1 |

| Healing Salve | 3 | 300 |
| Lesser Clarity Potion | 3 | 210 |
| total: | 6 | 510g |
| Peon | 10 | 750 | / | 0 |
| Grunt | 8 | 1600 | / | 0 |
| Troll Headhunter | 2 | 280 | / | 40 |
| total: | 20 | 2630g | / | 40w |
| Altar of Storms | 1 | 180 | / | 50 |
| Orc Burrow | 3 | 480 | / | 120 |
| Barracks | 1 | 180 | / | 50 |
| Voodoo Lounge | 1 | 130 | / | 30 |
| War Mill | 1 | 205 | / | 0 |
| Stronghold | 2 | 630 | / | 380 |
| total: | 7 | 1175g | / | 250w |
| 0:03 | Peon |
| 0:04 | Peon |
| 0:09 | Altar of Storms |
| 0:13 | Orc Burrow |
| 0:29 | Barracks |
| 0:42 | Peon |
| 0:51 | Peon |
| 1:29 | Voodoo Lounge |
| 1:39 | Grunt |
| 1:53 | Grunt |
| 2:31 | Grunt |
| 2:32 | Backpack |
| 2:38 | Orc Burrow |
| 3:23 | Orc Burrow |
| 3:50 | Grunt |
| 4:19 | Grunt |
| 4:19 | Grunt |
| 4:22 | Healing Salve |
| 4:23 | Lesser Clarity Potion |
| 5:03 | Pocket Factory |
| 5:27 | Peon |
| 5:27 | Peon |
| 5:36 | War Mill |
| 6:38 | Healing Salve |
| 6:38 | Lesser Clarity Potion |
| 6:49 | Peon |
| 6:49 | Peon |
| 6:49 | Peon |
| 6:51 | Peon |
| 8:16 | Grunt |
| 8:16 | Grunt |
| 8:17 | Stronghold |
| 8:42 | Engineering Upgrade |
| 8:45 | Lesser Clarity Potion |
| 8:46 | Healing Salve |
| 8:56 | Troll Headhunter |
| 8:56 | Troll Headhunter |
| Right click | 254 |
| Select | 172 |
| Build/train/purchase | 41 |
| Use ability | 14 |
| Chat | 4 |
| Remove unit | 1 |

| Peasant | 11 | 825 | / | 0 |
| Footman | 5 | 675 | / | 0 |
| Rifleman | 2 | 410 | / | 60 |
| total: | 18 | 1910g | / | 60w |
| Altar of Kings | 1 | 180 | / | 50 |
| Barracks | 2 | 320 | / | 120 |
| Farm | 2 | 160 | / | 40 |
| Lumber Mill | 1 | 120 | / | 0 |
| Blacksmith | 1 | 140 | / | 60 |
| Keep | 1 | 320 | / | 210 |
| total: | 7 | 920g | / | 270w |
| 0:13 | Altar of Kings |
| 0:19 | Peasant |
| 0:19 | Peasant |
| 0:19 | Peasant |
| 0:19 | Peasant |
| 0:20 | Peasant |
| 1:01 | Barracks |
| 1:18 | Barracks |
| 1:57 | Farm |
| 2:00 | Farm |
| 2:46 | Footman |
| 3:07 | Defend |
| 3:08 | Footman |
| 3:17 | Lumber Mill |
| 3:33 | Footman |
| 3:54 | Holy Light |
| 4:03 | Keep |
| 5:38 | Footman |
| 5:55 | Blacksmith |
| 6:47 | Peasant |
| 6:55 | Devotion Aura |
| 7:46 | Peasant |
| 7:46 | Peasant |
| 7:47 | Peasant |
| 7:47 | Peasant |
| 7:54 | Improved Lumber Harvesting |
| 8:48 | Rifleman |
| 8:50 | Footman |
| 9:11 | Peasant |
| 9:49 | Rifleman |
| Right click | 170 |
| Select | 111 |
| Build/train/purchase | 31 |
| Select group | 14 |
| Assign group | 5 |
| Use ability | 5 |
| Misc. action | 4 |
| Remove unit | 1 |
| Esc | 1 |
โ